Penguins vs Blues

Created - March 14, 2021 at 19:59

Goals
1 2 3 T
Penguins 0 3 0 3
Blues 3 0 1 4
Shots
1 2 3 T
Penguins 9 10 10 29
Blues 15 6 11 32

1st period

1. Blues , Kevin Hayes 11 (Ryan O'Reilly 27, David Perron 24) at 6:41
2. Blues , Vincent Lecavalier 6 (Linus Omark 12) at 11:41
3. Blues , David Perron 20 (Ryan O'Reilly 28) at 13:20

Penalties :
Mark Stone (Pit) for Roughing (Minor) at 7:12

2nd period

4. Penguins , Marian Hossa 4 (Marcus Foligno 16, Shea Weber 19) at 0:51
5. Penguins , Andrew Cogliano 27 (Gilbert Brule 31, Shea Weber 20) at 19:08
6. Penguins , Jeff Skinner 16 (Nikita Kucherov 39) at 19:24 (PP)

Penalties :
Nicklas Backstrom (STL) for Hooking (Minor) at 1:55, Filip Forsberg (STL) for Goalie Interference (Minor) at 6:51, Cal Clutterbuck (Pit) for Holding (Minor) at 9:17, Jeff Skinner (Pit) for Hooking (Minor) at 14:47, Daniel Carcillo (Pit) for Slashing (Minor) at 14:50, Filip Forsberg (STL) for Hooking (Minor) at 19:14

3rd period

7. Blues , Nicklas Backstrom 29 (Tyler Johnson 47) at 12:42

Penalties :
Yann Sauvé (STL) for Hooking (Minor) at 4:05, Nikita Kucherov (Pit) for Hooking (Minor) at 18:42

Goalie Stats

Michal Neuvirth (Pit), 28 saves from 32 shots - (0.875), L, 26-19-6, 60:00 minutes
Carey Price (STL), 26 saves from 29 shots - (0.897), W, 28-14-5, 60:00 minutes

Players Stats for Penguins

Player Name              G  A  P  +/- PIM S  H  SB GA TA FO     MP     PP MP  PK MP  
------------------------------------------------------------------------------------
Andrew Cogliano          1  0  1   0  0   4  3  0  0  0  1/2    17:10   2:50   0:49 
Cal Clutterbuck          0  0  0  -1  2   2  1  1  0  0  1/1    12:59   0:00   1:09 
Daniel Carcillo          0  0  0  -1  2   2  3  1  1  0  1/1    14:47   0:19   3:00 
Danny DeKeiser           0  0  0  -1  0   1  1  3  0  1  0/0    13:16   0:00   2:49 
Gilbert Brule            0  1  1   0  0   4  1  0  2  0  8/13   17:45   2:50   1:24 
Jake McCabe              0  0  0  -1  0   0  0  0  0  0  0/0    12:10   2:39   0:00 
Jeff Schultz             0  0  0  -1  0   0  0  0  1  0  0/0    20:08   0:14   4:28 
Jeff Skinner             1  0  1  -1  2   1  0  0  0  0  0/0    18:01   2:58   0:03 
Joe Colborne             0  0  0  -1  0   1  0  1  0  0  3/9    14:16   0:19   2:06 
Keith Aulie              0  0  0  -1  0   0  2  1  1  0  0/0    18:41   3:40   0:00 
Marcus Foligno           0  1  1   0  0   1  0  1  1  1  0/0     6:55   0:00   0:19 
Marian Hossa             1  0  1   0  0   1  1  0  0  1  0/0     6:33   0:20   0:00 
Mark Stone               0  0  0   0  2   0  2  1  0  0  0/0    16:19   2:49   0:00 
Nikita Kucherov          0  1  1  -1  2   2  1  0  1  1  0/0    17:58   2:58   0:00 
Sean Monahan             0  0  0   0  0   2  1  0  0  0  3/5     6:13   0:00   0:00 
Sean Zimmerman           0  0  0   0  0   1  3  4  0  0  0/0    27:41   2:13   4:28 
Shea Weber               0  2  2   0  0   0  0  2  1  1  0/0    28:04   3:28   2:49 
Steven Stamkos           0  0  0  -1  0   7  0  0  0  1  17/41  21:46   2:58   3:47 

Players Stats for Blues

Player Name              G  A  P  +/- PIM S  H  SB GA TA FO     MP     PP MP  PK MP  
------------------------------------------------------------------------------------
Alex Pietrangelo         0  0  0   0  0   2  4  0  2  1  0/0    27:30   4:38   0:49 
Anthony Mantha           0  0  0  -2  0   4  2  0  0  0  0/2    10:54   0:00   0:00 
Brandon Yip              0  0  0   1  0   0  6  0  0  0  0/0     9:04   0:07   0:00 
Cody Ceci                0  0  0   1  0   0  0  2  0  1  0/0    17:28   0:00   3:14 
David Perron             1  1  2   2  0   4  4  0  1  0  1/2    16:54   4:17   1:42 
Drew Shore               0  0  0  -2  0   1  1  1  0  0  6/13   14:21   0:00   3:21 
Fabian Brunnstrom        0  0  0  -2  0   2  1  1  1  0  0/0    11:38   0:00   0:39 
Filip Forsberg           0  0  0   1  4   1  3  1  0  0  2/2    19:22   3:00   0:39 
Jacob Slavin             0  0  0   1  0   0  1  1  0  1  0/0    13:30   2:39   1:11 
Jake Gardiner            0  0  0   1  0   0  1  1  0  0  0/0    16:37   3:50   1:42 
Kevin Hayes              1  0  1   2  0   1  1  0  0  0  0/0    14:05   3:00   0:00 
Linus Omark              0  1  1   1  0   0  0  0  0  0  0/0     9:04   0:07   0:00 
Nicklas Backstrom        1  0  1   1  2   3  3  0  0  1  20/37  19:44   4:10   0:00 
Ryan Murray              0  0  0   0  0   1  0  2  0  3  0/0    27:38   2:39   2:52 
Ryan O'Reilly            0  2  2   2  0   5  0  0  0  0  4/8    16:16   3:00   2:10 
Tyler Johnson            0  1  1   1  0   4  2  2  2  0  3/4    23:28   4:10   3:43 
Vincent Lecavalier       1  0  1   1  0   2  4  0  0  0  2/4     8:56   0:00   0:00 
Yann Sauvé               0  0  0   1  2   2  2  3  0  1  0/0    17:20   0:48   2:26 

3 Stars

1 - David Perron (STL)
2 - Vincent Lecavalier (STL)
3 - Kevin Hayes (STL)

Power Play

Penguins - 1 on 4 Attempt(s) - 25.00%
Blues - 0 on 5 Attempt(s) - 0.00%

Penalty Kill

Penguins - 5 on 5 Attempt(s) - 100.00% - Score 0 goal in Penalty Kill
Blues - 3 on 4 Attempt(s) - 75.00% - Score 0 goal in Penalty Kill

Team Stat

Penguins - Hits : 19 - Faceoff Wins : 34 - Blocked Shots : 15 - Penalty Minutes : 10
Blues - Hits : 35 - Faceoff Wins : 38 - Blocked Shots : 14 - Penalty Minutes : 8

Official

Referees : Unknown
Linesman : Unknown

Game Notes

11:41 of 1st period - Blues goal is going for a video replay. After video review, Goal.
Jake Gardiner is injured at 18:12 of 2nd period (Right Knee)

Finance

Level 1 -- Attendance: 4892 (81.53%) -- Ticket Income $562,580
Level 2 -- Attendance: 4183 (83.66%) -- Ticket Income $313,725
Level 3 -- Attendance: 1357 (67.85%) -- Ticket Income $67,850
Level 4 -- Attendance: 2650 (66.25%) -- Ticket Income $92,750
Luxury Box -- Attendance: 662 (66.20%) -- Ticket Income $148,950
Game was played at the Scotttrade center.
Total Attendance: 13744 (76.36%)
Total Ticket Income: $1,185,855
Other Income: $177,878
Total Income: $1,363,733

Penguins

5 vs 5 Forward 
   Center                   Left Wing                Right Wing               Time % Phy DF OF 
 1 Steven Stamkos           Jeff Skinner             Nikita Kucherov          40     0   2  3  
 2 Gilbert Brule            Andrew Cogliano          Mark Stone               30     0   2  3  
 3 Joe Colborne             Daniel Carcillo          Cal Clutterbuck          20     0   2  3  
 4 Sean Monahan             Marcus Foligno           Marian Hossa             10     0   2  3  

5 vs 5 Defense 
   Defense                  Defense                                           Time % Phy DF OF 
 1 Sean Zimmerman           Shea Weber                                        40     1   2  2  
 2 Jeff Schultz             Keith Aulie                                       30     1   2  2  
 3 Danny DeKeiser           Jake McCabe                                       20     1   2  2  
 4 Sean Zimmerman           Shea Weber                                        10     1   2  2  

PowerPlay Forward 
   Center                   Left Wing                Right Wing               Time % Phy DF OF 
 1 Steven Stamkos           Jeff Skinner             Nikita Kucherov          60     0   1  4  
 2 Gilbert Brule            Andrew Cogliano          Mark Stone               40     0   1  4  

PowerPlay Defense
   Defense                  Defense                                           Time % Phy DF OF 
 1 Shea Weber               Keith Aulie                                       60     0   2  3  
 2 Jake McCabe              Sean Zimmerman                                    40     0   2  3  

Penalty Kill 4 Players Forward 
   Center                   Wing                     Time % Phy DF OF 
 1 Steven Stamkos           Daniel Carcillo          60     1   3  1  
 2 Joe Colborne             Cal Clutterbuck          40     1   3  1  

Penalty Kill 4 Players Defense
   Defense                  Defense                  Time % Phy DF OF 
 1 Sean Zimmerman           Jeff Schultz             60     1   3  1  
 2 Danny DeKeiser           Shea Weber               40     1   3  1  

Penalty Kill - 3 Players Forward 
   Forward                                           Time % Phy DF OF 
 1 Daniel Carcillo                                   60     1   3  1  
 2 Cal Clutterbuck                                   40     1   3  1  

Penalty Kill - 3 Players Defense
   Defense                  Defense                  Time % Phy DF OF 
 1 Sean Zimmerman           Jeff Schultz             60     1   3  1  
 2 Danny DeKeiser           Shea Weber               40     1   3  1  

4 vs 4 Forward 
   Center                   Wing                     Time % Phy DF OF 
 1 Steven Stamkos           Nikita Kucherov          60     0   2  3  
 2 Gilbert Brule            Andrew Cogliano          40     0   2  3  

4 vs 4 Defense
   Defense                  Defense                  Time % Phy DF OF 
 1 Sean Zimmerman           Shea Weber               60     1   2  2  
 2 Jeff Schultz             Jake McCabe              40     1   2  2  

Last Minutes Offensive
   Center                   Left Wing                Right Wing               Defense                  Defense                  
   Steven Stamkos           Jeff Skinner             Nikita Kucherov          Sean Zimmerman           Shea Weber               

Last Minutes Defensive
   Center                   Left Wing                Right Wing               Defense                  Defense                  
   Steven Stamkos           Daniel Carcillo          Cal Clutterbuck          Sean Zimmerman           Jeff Schultz             

Goaltenders
Starting : Michal Neuvirth          
Backup : Sergei Bobrovsky         

Extra Forwards
Normal : Steven Stamkos, Andrew Cogliano, Marcus Foligno - PP : Steven Stamkos, Andrew Cogliano - PK : Daniel Carcillo
Extra Defensemen
Normal : Sean Zimmerman, Danny DeKeiser, Jeff Schultz - PP : Keith Aulie - PK : Danny DeKeiser, Jeff Schultz
Penalty Shots
Nikita Kucherov, Steven Stamkos, Andrew Cogliano, Gilbert Brule, Jeff Skinner

Scratches
Andreas Martinsen (Healthy), Alexei Marchenko (Healthy)

Blues

5 vs 5 Forward 
   Center                   Left Wing                Right Wing               Time % Phy DF OF 
 1 Nicklas Backstrom        Filip Forsberg           Tyler Johnson            40     1   2  2  
 2 Ryan O'Reilly            David Perron             Kevin Hayes              30     1   2  2  
 3 Drew Shore               Fabian Brunnstrom        Anthony Mantha           20     1   2  2  
 4 Vincent Lecavalier       Linus Omark              Brandon Yip              10     1   2  2  

5 vs 5 Defense 
   Defense                  Defense                                           Time % Phy DF OF 
 1 Alex Pietrangelo         Ryan Murray                                       40     1   2  2  
 2 Yann Sauvé               Jake Gardiner                                     30     1   2  2  
 3 Cody Ceci                Jacob Slavin                                      20     1   2  2  
 4 Alex Pietrangelo         Jake Gardiner                                     10     1   2  2  

PowerPlay Forward 
   Center                   Left Wing                Right Wing               Time % Phy DF OF 
 1 Nicklas Backstrom        David Perron             Tyler Johnson            60     1   1  3  
 2 Ryan O'Reilly            Filip Forsberg           Kevin Hayes              40     1   1  3  

PowerPlay Defense
   Defense                  Defense                                           Time % Phy DF OF 
 1 Alex Pietrangelo         Jake Gardiner                                     60     1   2  2  
 2 Jacob Slavin             Ryan Murray                                       40     1   2  2  

Penalty Kill 4 Players Forward 
   Center                   Wing                     Time % Phy DF OF 
 1 Drew Shore               Tyler Johnson            60     1   3  1  
 2 Ryan O'Reilly            David Perron             40     1   3  1  

Penalty Kill 4 Players Defense
   Defense                  Defense                  Time % Phy DF OF 
 1 Yann Sauvé               Cody Ceci                60     2   3  0  
 2 Ryan Murray              Jake Gardiner            40     2   3  0  

Penalty Kill - 3 Players Forward 
   Forward                                           Time % Phy DF OF 
 1 Nicklas Backstrom                                 60     1   2  2  
 2 Tyler Johnson                                     40     1   2  2  

Penalty Kill - 3 Players Defense
   Defense                  Defense                  Time % Phy DF OF 
 1 Alex Pietrangelo         Cody Ceci                60     1   2  2  
 2 Ryan Murray              Yann Sauvé               40     1   2  2  

4 vs 4 Forward 
   Center                   Wing                     Time % Phy DF OF 
 1 Nicklas Backstrom        Tyler Johnson            60     1   2  2  
 2 Ryan O'Reilly            David Perron             40     1   2  2  

4 vs 4 Defense
   Defense                  Defense                  Time % Phy DF OF 
 1 Alex Pietrangelo         Cody Ceci                60     1   2  2  
 2 Jake Gardiner            Yann Sauvé               40     1   2  2  

Last Minutes Offensive
   Center                   Left Wing                Right Wing               Defense                  Defense                  
   Nicklas Backstrom        David Perron             Tyler Johnson            Alex Pietrangelo         Jake Gardiner            

Last Minutes Defensive
   Center                   Left Wing                Right Wing               Defense                  Defense                  
   Drew Shore               David Perron             Tyler Johnson            Yann Sauvé               Cody Ceci                

Goaltenders
Starting : Carey Price              
Backup : Pascal Leclaire          

Extra Forwards
Normal : Kevin Hayes, Vincent Lecavalier, Ryan O'Reilly - PP : Linus Omark, Nicklas Backstrom - PK : Filip Forsberg
Extra Defensemen
Normal : Cody Ceci, Jake Gardiner, Ryan Murray - PP : Yann Sauvé - PK : Jacob Slavin, Jake Gardiner
Penalty Shots
David Perron, Vincent Lecavalier, Filip Forsberg, Tyler Johnson, Nicklas Backstrom

Scratches
Simon Gagné (Healthy)

% Time on Ice - Penguins

Lines # - Real PCT - Wanted PCT - Time Play
Normal Forward
1 - 34% - 40% - 16:02
2 - 28% - 30% - 12:53
3 - 25% - 20% - 11:28
4 - 13% - 10% - 6:13
Normal Defense
1 - 43% - 40% - 20:14
2 - 31% - 30% - 14:39
3 - 20% - 20% - 9:07
4 - 6% - 10% - 2:36
PP Forward
1 - 49% - 60% - 2:58
2 - 51% - 40% - 3:09
PP Defense
1 - 64% - 60% - 3:54
2 - 36% - 40% - 2:13
PK Forward
1 - 65% - 60% - 3:29
2 - 35% - 40% - 1:52
PK Defense
1 - 64% - 60% - 3:25
2 - 36% - 40% - 1:56
PK3 Forward
1 - 100% - 60% - 1:56
2 - 0% - 40% - 0:00
PK3 Defense
1 - 54% - 60% - 1:03
2 - 46% - 40% - 0:53
44 Forward
1 - 0% - 60%
2 - 0% - 40%
44 Defense
1 - 0% - 60%
2 - 0% - 40%
Last Minute Offensive  - 0:00
Last Minute Defensive  - 0:00
Total
Forward - 60:00
Defense - 60:00

% Time on Ice - Blues

Lines # - Real PCT - Wanted PCT - Time Play
Normal Forward
1 - 34% - 40% - 15:41
2 - 24% - 30% - 11:05
3 - 23% - 20% - 10:54
4 - 19% - 10% - 8:56
Normal Defense
1 - 37% - 40% - 17:04
2 - 33% - 30% - 15:21
3 - 21% - 20% - 9:45
4 - 10% - 10% - 4:26
PP Forward
1 - 59% - 60% - 4:17
2 - 41% - 40% - 3:00
PP Defense
1 - 64% - 60% - 4:38
2 - 36% - 40% - 2:39
PK Forward
1 - 72% - 60% - 4:25
2 - 28% - 40% - 1:42
PK Defense
1 - 66% - 60% - 4:03
2 - 34% - 40% - 2:04
PK3 Forward
1 - 0% - 60%
2 - 0% - 40%
PK3 Defense
1 - 0% - 60%
2 - 0% - 40%
44 Forward
1 - 0% - 60%
2 - 0% - 40%
44 Defense
1 - 0% - 60%
2 - 0% - 40%
Last Minute Offensive  - 0:00
Last Minute Defensive  - 0:00
Total
Forward - 60:00
Defense - 60:00

Play-by-Play

1st period


0:01 of 1st period - Nicklas Backstrom wins face-off versus Steven Stamkos in neutral zone.
1:17 of 1st period - Jake Gardiner is hit by Keith Aulie and loses puck.
1:24 of 1st period - Snap shot by Marcus Foligno.
1:24 of 1st period - Shot Blocked by Yann Sauvé.
2:17 of 1st period - Snap shot by David Perron.
2:17 of 1st period - Shot Blocked by Sean Zimmerman.
2:41 of 1st period - Marian Hossa is hit by Brandon Yip and loses puck.
2:53 of 1st period - Icing by Shea Weber.
2:54 of 1st period - Steven Stamkos wins face-off versus Nicklas Backstrom in Penguins zone.
2:54 of 1st period - Steven Stamkos is hit by Jacob Slavin.
3:06 of 1st period - Sean Zimmerman is hit by Nicklas Backstrom and loses puck.
3:21 of 1st period - Slapshot by Steven Stamkos.
3:21 of 1st period - Shot Misses the Net.
4:01 of 1st period - Icing by Shea Weber.
4:02 of 1st period - Gilbert Brule wins face-off versus Anthony Mantha in Penguins zone.
4:50 of 1st period - Icing by Tyler Johnson.
4:51 of 1st period - Nicklas Backstrom wins face-off versus Sean Monahan in Blues zone.
5:00 of 1st period - Snap shot by Ryan O'Reilly.
5:00 of 1st period - Stopped by Michal Neuvirth without a rebound.
5:01 of 1st period - Ryan O'Reilly wins face-off versus Steven Stamkos in Penguins zone.
5:18 of 1st period - Snap shot by Steven Stamkos.
5:18 of 1st period - Stopped by Carey Price with a rebound.
5:33 of 1st period - Jeff Schultz is hit by Jake Gardiner and loses puck.
6:00 of 1st period - Snap shot by Fabian Brunnstrom.
6:00 of 1st period - Shot Misses the Net.
6:02 of 1st period - Wrist shot by Fabian Brunnstrom.
6:02 of 1st period - Shot Blocked by Keith Aulie.
6:33 of 1st period - Off-side.
6:34 of 1st period - Ryan O'Reilly wins face-off versus Sean Monahan in neutral zone.
6:39 of 1st period - Snap shot by Ryan O'Reilly.
6:39 of 1st period - Shot Misses the Net.
6:41 of 1st period - Wrist shot by Kevin Hayes.
6:41 of 1st period - Goal by Kevin Hayes - Penguins : 0 - Blues : 1.
6:42 of 1st period - Steven Stamkos wins face-off versus Nicklas Backstrom in neutral zone.
7:10 of 1st period - Snap shot by Alex Pietrangelo.
7:10 of 1st period - Deflect By Ryan O'Reilly.
7:10 of 1st period - Stopped by Michal Neuvirth with a rebound.
7:12 of 1st period - Minor Penalty to Mark Stone for Roughing.
7:13 of 1st period - Nicklas Backstrom wins face-off versus Steven Stamkos in Penguins zone.
7:16 of 1st period - Snap shot by Nicklas Backstrom.
7:16 of 1st period - Stopped by Michal Neuvirth without a rebound.
7:17 of 1st period - Tyler Johnson wins face-off versus Steven Stamkos in Penguins zone.
7:20 of 1st period - Snap shot by David Perron.
7:20 of 1st period - Stopped by Michal Neuvirth without a rebound.
7:21 of 1st period - Steven Stamkos wins face-off versus Nicklas Backstrom in Penguins zone.
8:24 of 1st period - Snap shot by Tyler Johnson.
8:24 of 1st period - Shot Misses the Net.
8:26 of 1st period - Snap shot by Tyler Johnson.
8:26 of 1st period - Stopped by Michal Neuvirth with a rebound.
8:28 of 1st period - Wrist shot by Tyler Johnson.
8:28 of 1st period - Stopped by Michal Neuvirth with a rebound.
8:30 of 1st period - Snap shot by Nicklas Backstrom.
8:30 of 1st period - Stopped by Michal Neuvirth with a rebound.
8:32 of 1st period - Slapshot by Alex Pietrangelo.
8:32 of 1st period - Shot Blocked by Danny DeKeiser.
8:34 of 1st period - Slapshot by Tyler Johnson.
8:34 of 1st period - Deflect By Joe Colborne.
8:34 of 1st period - Shot Blocked by Danny DeKeiser.
8:34 of 1st period - Puck is out of play.
8:35 of 1st period - Steven Stamkos wins face-off versus Ryan O'Reilly in Penguins zone.
9:12 of 1st period - Penalty to Mark Stone is over, Mark Stone is back on ice.
9:33 of 1st period - Andrew Cogliano is hit by Vincent Lecavalier and loses puck.
9:46 of 1st period - Danny DeKeiser is hit by Fabian Brunnstrom and loses puck.
9:51 of 1st period - Snap shot by Fabian Brunnstrom.
9:51 of 1st period - Shot Blocked by Danny DeKeiser.
9:53 of 1st period - Slapshot by Ryan Murray.
9:53 of 1st period - Shot Misses the Net.
10:05 of 1st period - Mark Stone is hit by Brandon Yip and loses puck.
10:46 of 1st period - Wrist shot by Nikita Kucherov.
10:46 of 1st period - Shot Misses the Net.
11:00 of 1st period - Ryan Murray is hit by Daniel Carcillo and loses puck.
11:21 of 1st period - Snap shot by Marcus Foligno.
11:21 of 1st period - Stopped by Carey Price without a rebound.
11:22 of 1st period - Sean Monahan wins face-off versus Vincent Lecavalier in Blues zone.
11:25 of 1st period - Wrist shot by Sean Monahan.
11:25 of 1st period - Stopped by Carey Price without a rebound.
11:26 of 1st period - Vincent Lecavalier wins face-off versus Joe Colborne in Blues zone.
11:37 of 1st period - Backhand shot by Linus Omark.
11:37 of 1st period - Shot Blocked by Shea Weber.
11:39 of 1st period - Wrist shot by Vincent Lecavalier.
11:39 of 1st period - Shot Misses the Net.
11:41 of 1st period - Slapshot by Vincent Lecavalier.
11:41 of 1st period - Blues goal is going for a video replay.
11:41 of 1st period - The goal is good.
11:41 of 1st period - Goal by Vincent Lecavalier - Penguins : 0 - Blues : 2.
11:42 of 1st period - Gilbert Brule wins face-off versus Nicklas Backstrom in neutral zone.
11:51 of 1st period - Snap shot by Gilbert Brule.
11:51 of 1st period - Deflect By Andrew Cogliano.
11:51 of 1st period - Stopped by Carey Price with a rebound.
12:09 of 1st period - Steven Stamkos is hit by Alex Pietrangelo and loses puck.
12:14 of 1st period - Wrist shot by Ryan O'Reilly.
12:14 of 1st period - Shot Hit the Post.
12:30 of 1st period - Snap shot by Fabian Brunnstrom.
12:30 of 1st period - Shot Blocked by Joe Colborne.
12:32 of 1st period - Snap shot by Anthony Mantha.
12:32 of 1st period - Stopped by Michal Neuvirth with a rebound.
12:34 of 1st period - Snap shot by Drew Shore.
12:34 of 1st period - Shot Misses the Net.
12:36 of 1st period - Slapshot by Drew Shore.
12:36 of 1st period - Shot Misses the Net.
12:38 of 1st period - Snap shot by Fabian Brunnstrom.
12:38 of 1st period - Shot Misses the Net.
13:15 of 1st period - Danny DeKeiser is hit by David Perron and loses puck.
13:20 of 1st period - Slapshot by David Perron.
13:20 of 1st period - Goal by David Perron - Penguins : 0 - Blues : 3.
13:21 of 1st period - Nicklas Backstrom wins face-off versus Andrew Cogliano in neutral zone.
13:21 of 1st period - Nicklas Backstrom is hit by Danny DeKeiser.
13:30 of 1st period - Wrist shot by Andrew Cogliano.
13:30 of 1st period - Shot Misses the Net.
13:32 of 1st period - Snap shot by Andrew Cogliano.
13:32 of 1st period - Shot Misses the Net.
13:34 of 1st period - Wrist shot by Danny DeKeiser.
13:34 of 1st period - Shot Misses the Net.
13:36 of 1st period - Slapshot by Danny DeKeiser.
13:36 of 1st period - Deflect By Ryan Murray.
13:36 of 1st period - Stopped by Carey Price with a rebound.
13:38 of 1st period - Slapshot by Andrew Cogliano.
13:38 of 1st period - Shot Misses the Net.
14:11 of 1st period - Slapshot by Ryan Murray.
14:11 of 1st period - Stopped by Michal Neuvirth without a rebound.
14:12 of 1st period - Drew Shore wins face-off versus Joe Colborne in Penguins zone.
14:17 of 1st period - Snap shot by Drew Shore.
14:17 of 1st period - Deflect By Fabian Brunnstrom.
14:17 of 1st period - Stopped by Michal Neuvirth without a rebound.
14:18 of 1st period - Andrew Cogliano wins face-off versus Nicklas Backstrom in Penguins zone.
14:27 of 1st period - Slapshot by Gilbert Brule.
14:27 of 1st period - Stopped by Carey Price without a rebound.
14:28 of 1st period - Nicklas Backstrom wins face-off versus Gilbert Brule in Blues zone.
14:49 of 1st period - Andrew Cogliano is hit by Tyler Johnson and loses puck.
15:26 of 1st period - Snap shot by Gilbert Brule.
15:26 of 1st period - Stopped by Carey Price with a rebound.
15:28 of 1st period - Wrist shot by Andrew Cogliano.
15:28 of 1st period - Stopped by Carey Price without a rebound.
15:29 of 1st period - Steven Stamkos wins face-off versus Ryan O'Reilly in Blues zone.
15:36 of 1st period - Slapshot by Steven Stamkos.
15:36 of 1st period - Stopped by Carey Price with a rebound.
17:02 of 1st period - Joe Colborne is hit by Alex Pietrangelo and loses puck.
17:08 of 1st period - Icing by Jeff Schultz.
17:09 of 1st period - Cal Clutterbuck wins face-off versus Nicklas Backstrom in Penguins zone.
17:22 of 1st period - Snap shot by Tyler Johnson.
17:22 of 1st period - Stopped by Michal Neuvirth without a rebound.
17:23 of 1st period - Nicklas Backstrom wins face-off versus Steven Stamkos in Penguins zone.
17:24 of 1st period - Snap shot by Filip Forsberg.
17:24 of 1st period - Shot Misses the Net.
17:26 of 1st period - Snap shot by Tyler Johnson.
17:26 of 1st period - Shot Blocked by Sean Zimmerman.
17:28 of 1st period - Wrist shot by Filip Forsberg.
17:28 of 1st period - Stopped by Michal Neuvirth with a rebound.
17:50 of 1st period - Fabian Brunnstrom is hit by Andrew Cogliano.
18:33 of 1st period - Jake McCabe is hit by Nicklas Backstrom and loses puck.
18:50 of 1st period - Anthony Mantha is hit by Sean Zimmerman and loses puck.
19:05 of 1st period - Shea Weber is hit by Brandon Yip and loses puck.
19:17 of 1st period - Off-side.
19:18 of 1st period - Filip Forsberg wins face-off versus Joe Colborne in neutral zone.
19:51 of 1st period - Slapshot by Anthony Mantha.
19:51 of 1st period - Shot Misses the Net.
Goals for this period are 0 for Penguins vs 3 for Blues.
Shots for this period are 9 for Penguins vs 15 for Blues.

2nd period


0:01 of 2nd period - Nicklas Backstrom wins face-off versus Steven Stamkos in neutral zone.
0:04 of 2nd period - Wrist shot by Tyler Johnson.
0:04 of 2nd period - Shot Blocked by Shea Weber.
0:06 of 2nd period - Snap shot by Tyler Johnson.
0:06 of 2nd period - Shot Misses the Net.
0:26 of 2nd period - Kevin Hayes is hit by Gilbert Brule and loses puck.
0:49 of 2nd period - Wrist shot by Marcus Foligno.
0:49 of 2nd period - Shot Misses the Net.
0:51 of 2nd period - Wrist shot by Marcus Foligno.
0:51 of 2nd period - Deflect By Marian Hossa.
0:51 of 2nd period - Goal by Marian Hossa - Penguins : 1 - Blues : 3.
0:52 of 2nd period - Nicklas Backstrom wins face-off versus Steven Stamkos in neutral zone.
1:50 of 2nd period - Snap shot by Joe Colborne.
1:50 of 2nd period - Shot Misses the Net.
1:52 of 2nd period - Wrist shot by Cal Clutterbuck.
1:52 of 2nd period - Stopped by Carey Price without a rebound.
1:53 of 2nd period - Tyler Johnson wins face-off versus Steven Stamkos in Blues zone.
1:55 of 2nd period - Minor Penalty to Nicklas Backstrom for Hooking.
1:56 of 2nd period - Drew Shore wins face-off versus Steven Stamkos in Blues zone.
2:08 of 2nd period - Slapshot by Nikita Kucherov.
2:08 of 2nd period - Shot Blocked by Cody Ceci.
2:12 of 2nd period - Slapshot by Steven Stamkos.
2:12 of 2nd period - Shot Misses the Net.
2:23 of 2nd period - Icing by Keith Aulie.
2:24 of 2nd period - Tyler Johnson wins face-off versus Gilbert Brule in Penguins zone.
3:11 of 2nd period - Snap shot by Gilbert Brule.
3:11 of 2nd period - Stopped by Carey Price without a rebound.
3:12 of 2nd period - Ryan O'Reilly wins face-off versus Steven Stamkos in Blues zone.
3:12 of 2nd period - Ryan O'Reilly is hit by Sean Zimmerman.
3:55 of 2nd period - Penalty to Nicklas Backstrom is over, Nicklas Backstrom is back on ice.
5:04 of 2nd period - Snap shot by Steven Stamkos.
5:04 of 2nd period - Shot Misses the Net.
5:06 of 2nd period - Snap shot by Steven Stamkos.
5:06 of 2nd period - Stopped by Carey Price with a rebound.
5:39 of 2nd period - Slapshot by Daniel Carcillo.
5:39 of 2nd period - Shot Misses the Net.
5:51 of 2nd period - Jeff Schultz is hit by Kevin Hayes and loses puck.
6:00 of 2nd period - Snap shot by David Perron.
6:00 of 2nd period - Stopped by Michal Neuvirth with a rebound.
6:02 of 2nd period - Snap shot by David Perron.
6:02 of 2nd period - Shot Misses the Net.
6:04 of 2nd period - Slapshot by Yann Sauvé.
6:04 of 2nd period - Shot Blocked by Marcus Foligno.
6:51 of 2nd period - Minor Penalty to Filip Forsberg for Goalie Interference.
6:52 of 2nd period - Drew Shore wins face-off versus Steven Stamkos in Blues zone.
7:26 of 2nd period - Wrist shot by Andrew Cogliano.
7:26 of 2nd period - Stopped by Carey Price without a rebound.
7:27 of 2nd period - Steven Stamkos wins face-off versus Drew Shore in Blues zone.
7:34 of 2nd period - Slapshot by Steven Stamkos.
7:34 of 2nd period - Stopped by Carey Price with a rebound.
7:36 of 2nd period - Snap shot by Nikita Kucherov.
7:36 of 2nd period - Shot Misses the Net.
7:38 of 2nd period - Slapshot by Steven Stamkos.
7:38 of 2nd period - Stopped by Carey Price with a rebound.
8:18 of 2nd period - Jeff Skinner is hit by Yann Sauvé and loses puck.
8:51 of 2nd period - Penalty to Filip Forsberg is over, Filip Forsberg is back on ice.
8:55 of 2nd period - Joe Colborne is hit by Vincent Lecavalier and loses puck.
9:17 of 2nd period - Minor Penalty to Cal Clutterbuck for Holding.
9:18 of 2nd period - Nicklas Backstrom wins face-off versus Steven Stamkos in Penguins zone.
9:23 of 2nd period - Snap shot by Tyler Johnson.
9:23 of 2nd period - Shot Blocked by Daniel Carcillo.
9:49 of 2nd period - Danny DeKeiser is hit by Alex Pietrangelo.
9:53 of 2nd period - Kevin Hayes is hit by Daniel Carcillo.
11:13 of 2nd period - Jeff Schultz is hit by Brandon Yip and loses puck.
11:17 of 2nd period - Penalty to Cal Clutterbuck is over, Cal Clutterbuck is back on ice.
11:24 of 2nd period - Cal Clutterbuck is hit by Anthony Mantha and loses puck.
11:31 of 2nd period - Wrist shot by Anthony Mantha.
11:31 of 2nd period - Shot Misses the Net.
11:33 of 2nd period - Slapshot by Yann Sauvé.
11:33 of 2nd period - Stopped by Michal Neuvirth with a rebound.
11:45 of 2nd period - Backhand shot by Steven Stamkos.
11:45 of 2nd period - Shot Misses the Net.
11:51 of 2nd period - Jeff Skinner is hit by Vincent Lecavalier and loses puck.
12:04 of 2nd period - Snap shot by Steven Stamkos.
12:04 of 2nd period - Stopped by Carey Price without a rebound.
12:05 of 2nd period - Nicklas Backstrom wins face-off versus Gilbert Brule in Blues zone.
12:05 of 2nd period - Nicklas Backstrom is hit by Andrew Cogliano.
12:20 of 2nd period - Off-side.
12:21 of 2nd period - Drew Shore wins face-off versus Steven Stamkos in neutral zone.
12:24 of 2nd period - Slapshot by Alex Pietrangelo.
12:24 of 2nd period - Stopped by Michal Neuvirth with a rebound.
12:26 of 2nd period - Slapshot by Anthony Mantha.
12:26 of 2nd period - Stopped by Michal Neuvirth without a rebound.
12:27 of 2nd period - Steven Stamkos wins face-off versus Drew Shore in Penguins zone.
12:32 of 2nd period - Slapshot by Danny DeKeiser.
12:32 of 2nd period - Shot Blocked by Ryan Murray.
12:48 of 2nd period - Slapshot by Ryan Murray.
12:48 of 2nd period - Shot Misses the Net.
12:50 of 2nd period - Wrist shot by Anthony Mantha.
12:50 of 2nd period - Stopped by Michal Neuvirth with a rebound.
12:54 of 2nd period - Backhand shot by Fabian Brunnstrom.
12:54 of 2nd period - Shot Misses the Net.
12:56 of 2nd period - Wrist shot by Fabian Brunnstrom.
12:56 of 2nd period - Stopped by Michal Neuvirth without a rebound.
12:57 of 2nd period - Gilbert Brule wins face-off versus Nicklas Backstrom in Penguins zone.
13:06 of 2nd period - Keith Aulie is hit by Filip Forsberg and loses puck.
13:40 of 2nd period - Jake Gardiner is hit by Sean Zimmerman and loses puck.
14:17 of 2nd period - Wrist shot by Andrew Cogliano.
14:17 of 2nd period - Shot Blocked by Yann Sauvé.
14:19 of 2nd period - Slapshot by Jeff Schultz.
14:19 of 2nd period - Shot Blocked by Yann Sauvé.
14:21 of 2nd period - Slapshot by Jeff Schultz.
14:21 of 2nd period - Deflect By Andrew Cogliano.
14:21 of 2nd period - Shot Blocked by Jake Gardiner.
14:21 of 2nd period - Puck is out of play.
14:22 of 2nd period - Nicklas Backstrom wins face-off versus Steven Stamkos in Blues zone.
14:22 of 2nd period - Nicklas Backstrom is hit by Nikita Kucherov.
14:29 of 2nd period - Off-side.
14:30 of 2nd period - Nicklas Backstrom wins face-off versus Steven Stamkos in neutral zone.
14:47 of 2nd period - Minor Penalty to Jeff Skinner for Hooking.
14:48 of 2nd period - Steven Stamkos wins face-off versus David Perron in Penguins zone.
14:50 of 2nd period - Minor Penalty to Daniel Carcillo for Slashing.
14:51 of 2nd period - Nicklas Backstrom wins face-off versus Gilbert Brule in Penguins zone.
14:53 of 2nd period - Wrist shot by David Perron.
14:53 of 2nd period - Shot Blocked by Sean Zimmerman.
14:55 of 2nd period - Snap shot by Jake Gardiner.
14:55 of 2nd period - Shot Misses the Net.
15:58 of 2nd period - Shea Weber is hit by Filip Forsberg and loses puck.
16:47 of 2nd period - Penalty to Jeff Skinner is over, Jeff Skinner is back on ice.
16:50 of 2nd period - Penalty to Daniel Carcillo is over, Daniel Carcillo is back on ice.
17:27 of 2nd period - Slapshot by Alex Pietrangelo.
17:27 of 2nd period - Shot Misses the Net.
17:49 of 2nd period - Danny DeKeiser is hit by Drew Shore and loses puck.
17:57 of 2nd period - Icing by Danny DeKeiser.
17:58 of 2nd period - Gilbert Brule wins face-off versus Nicklas Backstrom in Penguins zone.
18:07 of 2nd period - Jake Gardiner is hit by Andrew Cogliano.
18:11 of 2nd period - Jake Gardiner is hit by Mark Stone and loses puck.
18:12 of 2nd period - Jake Gardiner from Blues is injured at 18:12 of 2nd period (Right Knee).
18:13 of 2nd period - Steven Stamkos wins face-off versus Nicklas Backstrom in Blues zone.
19:08 of 2nd period - Wrist shot by Andrew Cogliano.
19:08 of 2nd period - Goal by Andrew Cogliano - Penguins : 2 - Blues : 3.
19:09 of 2nd period - Steven Stamkos wins face-off versus Nicklas Backstrom in neutral zone.
19:12 of 2nd period - Wrist shot by Nikita Kucherov.
19:12 of 2nd period - Shot Blocked by Filip Forsberg.
19:14 of 2nd period - Minor Penalty to Filip Forsberg for Hooking.
19:15 of 2nd period - Drew Shore wins face-off versus Steven Stamkos in Blues zone.
19:24 of 2nd period - Wrist shot by Jeff Skinner.
19:24 of 2nd period - Goal by Jeff Skinner - Penguins : 3 - Blues : 3.
19:25 of 2nd period - Nicklas Backstrom wins face-off versus Steven Stamkos in neutral zone.
19:28 of 2nd period - Wrist shot by Alex Pietrangelo.
19:28 of 2nd period - Shot Hit the Post.
19:52 of 2nd period - Sean Zimmerman is hit by David Perron and loses puck.
Goals for this period are 3 for Penguins vs 0 for Blues.
Shots for this period are 10 for Penguins vs 6 for Blues.

3rd period


0:01 of 3rd period - Nicklas Backstrom wins face-off versus Steven Stamkos in neutral zone.
0:12 of 3rd period - Snap shot by Tyler Johnson.
0:12 of 3rd period - Deflect By Nicklas Backstrom.
0:12 of 3rd period - Shot Misses the Net.
0:12 of 3rd period - Puck is out of play.
0:13 of 3rd period - Nicklas Backstrom wins face-off versus Steven Stamkos in Penguins zone.
0:40 of 3rd period - David Perron is hit by Mark Stone and loses puck.
1:05 of 3rd period - Backhand shot by Vincent Lecavalier.
1:05 of 3rd period - Stopped by Michal Neuvirth without a rebound.
1:06 of 3rd period - Vincent Lecavalier wins face-off versus Joe Colborne in Penguins zone.
1:13 of 3rd period - Jeff Schultz is hit by Brandon Yip and loses puck.
1:32 of 3rd period - Vincent Lecavalier is hit by Cal Clutterbuck and loses puck.
1:55 of 3rd period - Joe Colborne is hit by Yann Sauvé and loses puck.
2:35 of 3rd period - Snap shot by Joe Colborne.
2:35 of 3rd period - Shot Misses the Net.
2:37 of 3rd period - Slapshot by Jake McCabe.
2:37 of 3rd period - Shot Blocked by Ryan Murray.
2:39 of 3rd period - Snap shot by Cal Clutterbuck.
2:39 of 3rd period - Deflect By Joe Colborne.
2:39 of 3rd period - Stopped by Carey Price without a rebound.
2:40 of 3rd period - Nicklas Backstrom wins face-off versus Steven Stamkos in Blues zone.
3:48 of 3rd period - Wrist shot by Steven Stamkos.
3:48 of 3rd period - Shot Blocked by Cody Ceci.
3:50 of 3rd period - Slapshot by Sean Zimmerman.
3:50 of 3rd period - Shot Misses the Net.
3:52 of 3rd period - Snap shot by Jeff Skinner.
3:52 of 3rd period - Shot Misses the Net.
3:54 of 3rd period - Slapshot by Jeff Skinner.
3:54 of 3rd period - Shot Misses the Net.
3:56 of 3rd period - Snap shot by Nikita Kucherov.
3:56 of 3rd period - Shot Blocked by Drew Shore.
3:58 of 3rd period - Wrist shot by Steven Stamkos.
3:58 of 3rd period - Shot Misses the Net.
4:00 of 3rd period - Slapshot by Sean Zimmerman.
4:00 of 3rd period - Shot Blocked by Fabian Brunnstrom.
4:02 of 3rd period - Snap shot by Nikita Kucherov.
4:02 of 3rd period - Stopped by Carey Price without a rebound.
4:03 of 3rd period - Filip Forsberg wins face-off versus Gilbert Brule in Blues zone.
4:05 of 3rd period - Minor Penalty to Yann Sauvé for Hooking.
4:06 of 3rd period - Gilbert Brule wins face-off versus Drew Shore in Blues zone.
5:22 of 3rd period - Tyler Johnson is hit by Marian Hossa and loses puck.
6:05 of 3rd period - Penalty to Yann Sauvé is over, Yann Sauvé is back on ice.
6:12 of 3rd period - Snap shot by Yann Sauvé.
6:12 of 3rd period - Deflect By Vincent Lecavalier.
6:12 of 3rd period - Shot Misses the Net.
6:12 of 3rd period - Puck is out of play.
6:13 of 3rd period - Sean Monahan wins face-off versus Vincent Lecavalier in Penguins zone.
6:18 of 3rd period - Cody Ceci is hit by Keith Aulie and loses puck.
6:29 of 3rd period - Marcus Foligno is hit by Vincent Lecavalier.
6:54 of 3rd period - Marian Hossa is hit by Brandon Yip and loses puck.
7:07 of 3rd period - Brandon Yip is hit by Sean Monahan and loses puck.
7:16 of 3rd period - Wrist shot by Marcus Foligno.
7:16 of 3rd period - Deflect By Sean Monahan.
7:16 of 3rd period - Shot Misses the Net.
7:16 of 3rd period - Puck is out of play.
7:17 of 3rd period - Steven Stamkos wins face-off versus Nicklas Backstrom in Blues zone.
7:50 of 3rd period - Wrist shot by Ryan O'Reilly.
7:50 of 3rd period - Stopped by Michal Neuvirth with a rebound.
7:52 of 3rd period - Snap shot by Alex Pietrangelo.
7:52 of 3rd period - Stopped by Michal Neuvirth without a rebound.
7:53 of 3rd period - David Perron wins face-off versus Steven Stamkos in Penguins zone.
8:46 of 3rd period - Snap shot by Fabian Brunnstrom.
8:46 of 3rd period - Shot Misses the Net.
9:06 of 3rd period - Shea Weber is hit by David Perron and loses puck.
9:11 of 3rd period - Wrist shot by Ryan O'Reilly.
9:11 of 3rd period - Shot Misses the Net.
9:13 of 3rd period - Slapshot by Kevin Hayes.
9:13 of 3rd period - Deflect By David Perron.
9:13 of 3rd period - Deflect By Marian Hossa.
9:13 of 3rd period - Shot Misses the Net.
9:13 of 3rd period - Puck is out of play.
9:14 of 3rd period - Steven Stamkos wins face-off versus Nicklas Backstrom in Penguins zone.
9:14 of 3rd period - Steven Stamkos is hit by Nicklas Backstrom.
9:20 of 3rd period - Slapshot by Sean Zimmerman.
9:20 of 3rd period - Shot Blocked by Tyler Johnson.
9:53 of 3rd period - Slapshot by Danny DeKeiser.
9:53 of 3rd period - Deflect By Gilbert Brule.
9:53 of 3rd period - Stopped by Carey Price without a rebound.
9:54 of 3rd period - Joe Colborne wins face-off versus Nicklas Backstrom in Blues zone.
10:01 of 3rd period - Snap shot by Cal Clutterbuck.
10:01 of 3rd period - Deflect By Joe Colborne.
10:01 of 3rd period - Shot Blocked by Jacob Slavin.
10:01 of 3rd period - Puck is out of play.
10:02 of 3rd period - Daniel Carcillo wins face-off versus Nicklas Backstrom in Blues zone.
10:07 of 3rd period - Snap shot by Joe Colborne.
10:07 of 3rd period - Shot Blocked by Tyler Johnson.
10:09 of 3rd period - Snap shot by Daniel Carcillo.
10:09 of 3rd period - Stopped by Carey Price with a rebound.
10:19 of 3rd period - Jeff Schultz is hit by Tyler Johnson.
10:55 of 3rd period - Slapshot by Joe Colborne.
10:55 of 3rd period - Shot Misses the Net.
10:59 of 3rd period - Snap shot by Daniel Carcillo.
10:59 of 3rd period - Stopped by Carey Price without a rebound.
11:00 of 3rd period - Steven Stamkos wins face-off versus Ryan O'Reilly in Blues zone.
11:01 of 3rd period - Snap shot by Nikita Kucherov.
11:01 of 3rd period - Stopped by Carey Price with a rebound.
11:07 of 3rd period - Steven Stamkos is hit by David Perron and loses puck.
11:16 of 3rd period - Snap shot by Ryan O'Reilly.
11:16 of 3rd period - Shot Misses the Net.
11:23 of 3rd period - Icing by Sean Zimmerman.
11:24 of 3rd period - Steven Stamkos wins face-off versus Drew Shore in Penguins zone.
11:44 of 3rd period - Icing by Andrew Cogliano.
11:45 of 3rd period - Gilbert Brule wins face-off versus Nicklas Backstrom in Penguins zone.
12:38 of 3rd period - Off-side.
12:39 of 3rd period - Nicklas Backstrom wins face-off versus Steven Stamkos in neutral zone.
12:42 of 3rd period - Snap shot by Nicklas Backstrom.
12:42 of 3rd period - Goal by Nicklas Backstrom - Penguins : 3 - Blues : 4.
12:43 of 3rd period - Nicklas Backstrom wins face-off versus Steven Stamkos in neutral zone.
13:29 of 3rd period - Icing by Sean Zimmerman.
13:30 of 3rd period - Gilbert Brule wins face-off versus Drew Shore in Penguins zone.
13:43 of 3rd period - Snap shot by Fabian Brunnstrom.
13:43 of 3rd period - Shot Misses the Net.
13:45 of 3rd period - Snap shot by Anthony Mantha.
13:45 of 3rd period - Shot Misses the Net.
13:47 of 3rd period - Snap shot by Yann Sauvé.
13:47 of 3rd period - Stopped by Michal Neuvirth without a rebound.
13:48 of 3rd period - Gilbert Brule wins face-off versus Nicklas Backstrom in Penguins zone.
15:00 of 3rd period - Cal Clutterbuck is hit by Alex Pietrangelo and loses puck.
15:24 of 3rd period - Slapshot by Alex Pietrangelo.
15:24 of 3rd period - Shot Blocked by Mark Stone.
15:42 of 3rd period - Slapshot by Alex Pietrangelo.
15:42 of 3rd period - Deflect By Tyler Johnson.
15:42 of 3rd period - Stopped by Michal Neuvirth without a rebound.
15:43 of 3rd period - Nicklas Backstrom wins face-off versus Steven Stamkos in Penguins zone.
15:50 of 3rd period - Wrist shot by Tyler Johnson.
15:50 of 3rd period - Shot Misses the Net.
16:02 of 3rd period - Wrist shot by Steven Stamkos.
16:02 of 3rd period - Stopped by Carey Price without a rebound.
16:03 of 3rd period - Joe Colborne wins face-off versus Drew Shore in Blues zone.
16:12 of 3rd period - Slapshot by Cal Clutterbuck.
16:12 of 3rd period - Stopped by Carey Price without a rebound.
16:13 of 3rd period - Drew Shore wins face-off versus Joe Colborne in Blues zone.
16:24 of 3rd period - Slapshot by Anthony Mantha.
16:24 of 3rd period - Stopped by Michal Neuvirth with a rebound.
16:52 of 3rd period - Slapshot by Drew Shore.
16:52 of 3rd period - Stopped by Michal Neuvirth without a rebound.
16:53 of 3rd period - Steven Stamkos wins face-off versus Nicklas Backstrom in Penguins zone.
17:10 of 3rd period - Snap shot by Keith Aulie.
17:10 of 3rd period - Shot Misses the Net.
17:22 of 3rd period - Slapshot by Ryan Murray.
17:22 of 3rd period - Deflect By Ryan O'Reilly.
17:22 of 3rd period - Stopped by Michal Neuvirth without a rebound.
17:23 of 3rd period - Sean Monahan wins face-off versus Ryan O'Reilly in Penguins zone.
17:32 of 3rd period - Wrist shot by Sean Monahan.
17:32 of 3rd period - Stopped by Carey Price with a rebound.
17:34 of 3rd period - Slapshot by Sean Zimmerman.
17:34 of 3rd period - Stopped by Carey Price without a rebound.
17:35 of 3rd period - Joe Colborne wins face-off versus Anthony Mantha in Blues zone.
17:42 of 3rd period - Ryan Murray is hit by Daniel Carcillo.
17:46 of 3rd period - Joe Colborne is hit by Anthony Mantha and loses puck.
18:01 of 3rd period - Steven Stamkos is hit by Filip Forsberg.
18:25 of 3rd period - Wrist shot by Ryan O'Reilly.
18:25 of 3rd period - Stopped by Michal Neuvirth without a rebound.
18:26 of 3rd period - Ryan O'Reilly wins face-off versus Joe Colborne in Penguins zone.
18:27 of 3rd period - Snap shot by David Perron.
18:27 of 3rd period - Shot Blocked by Cal Clutterbuck.
18:29 of 3rd period - Wrist shot by Cody Ceci.
18:29 of 3rd period - Shot Misses the Net.
18:31 of 3rd period - Snap shot by David Perron.
18:31 of 3rd period - Shot Misses the Net.
18:39 of 3rd period - Wrist shot by David Perron.
18:39 of 3rd period - Stopped by Michal Neuvirth without a rebound.
18:40 of 3rd period - Steven Stamkos wins face-off versus Drew Shore in Penguins zone.
18:42 of 3rd period - Minor Penalty to Nikita Kucherov for Hooking.
18:43 of 3rd period - Steven Stamkos wins face-off versus Tyler Johnson in Penguins zone.
19:21 of 3rd period - Snap shot by Filip Forsberg.
19:21 of 3rd period - Shot Misses the Net.
19:25 of 3rd period - Snap shot by Filip Forsberg.
19:25 of 3rd period - Shot Blocked by Sean Zimmerman.
Goals for this period are 0 for Penguins vs 1 for Blues.
Shots for this period are 10 for Penguins vs 11 for Blues. Output by the SimonT Hockey Simulator (STHS) for Francois Prevost - Original Page W3C HTML5 Valid
Hockey Simulator - Hockey Simulation - Hockey Manager